 Dungeon Crawl Stone Soup version 0.23-a0-4-g8f018a2 (webtiles) character file.

155687 Amnesiac the Deadly Accurate (level 17, -12/139 HPs)
             Began as a Mummy Hunter on July 31, 2018.
             Was a High Priest of Okawaru.
             Killed from afar by a shock serpent (28 damage)
             ... with a bolt of electricity
             ... on level 3 of the Snake Pit.
             The game lasted 01:41:01 (44083 turns).

Amnesiac the Deadly Accurate (Mummy Hunter)        Turns: 44083, Time: 01:41:02

Health: -12/139    AC: 15    Str: 22    XL:     17   Next: 9%
Magic:  22/23      EV: 12    Int: 11    God:    Okawaru [*****.]
Gold:   559        SH: 17    Dex: 12    Spells: 16/16 levels left

rFire    + . .     SeeInvis .   a - +2 long sword (flame)
rCold    + + .     Gourm    .   o - +0 shield
rNeg     + + +     Faith    .   p - +0 fire dragon scales
rPois    ∞         Spirit   .   W - +1 hat of Moral Flaws {+Inv}
rElec    .         Reflect  +   q - scarf {rC+ rF+}
rCorr    .         Harm     .   A - +0 pair of gloves
MR       +++..                  G - +1 pair of boots
Stlth    ..........             u - +6 amulet of reflection
HPRegen  0.33/turn              d - ring of protection from magic
MPRegen  0.18/turn              Q - ring "Vuulud" {Ice +Blink}

@: no status effects
A: no food or potions, fire vulnerability, cold resistance 1, negative energy
resistance 3, torment resistance, unbreathing, in touch with death 1
a: Heroism, Finesse, Renounce Religion, Evoke Blink, Evoke Invisibility


You were on level 3 of the Snake Pit.
You worshipped Okawaru.
Okawaru was extremely pleased with you.
You were not hungry.

You visited 6 branches of the dungeon, and saw 28 of its levels.
You also visited: Sewer, Ice Cave and Volcano.

You collected 3280 gold pieces.
You spent 2721 gold pieces at shops.

Inventory:

Hand Weapons
 a - a +2 long sword of flaming (weapon)
 b - a +3 fustibalus of flaming
 w - a +2 blowgun
Missiles
 f - 130 stones
 g - 7 silver javelins
 j - 4 needles of sleeping
 l - 30 needles of frenzy
 m - 121 sling bullets
 s - 15 curare-tipped needles
 y - 5 throwing nets
 z - 2 javelins
 C - 7 needles of confusion
 I - a steel tomahawk
 P - 4 needles of paralysis
 S - 6 poisoned tomahawks (quivered)
 Z - 19 tomahawks
Armour
 o - a +0 shield (worn)
 p - +0 fire dragon scales (worn)
 q - a scarf of resistance (worn)
 r - the +1 buckler of True Grit {+Fly Str+2 Dex+5, unknown}
   (Okawaru gifted it to you on level 2 of the Snake Pit)

   It affects your strength (+2).
   It affects your dexterity (+5).
   It lets you fly.
 A - a +0 pair of gloves (worn)
 G - a +1 pair of boots (worn)
 W - the +1 hat of Moral Flaws (worn) {+Inv}
   (You found it on level 6 of the Lair of Beasts)

   It lets you turn invisible.
Jewellery
 d - a ring of protection from magic (left hand)
 u - a +6 amulet of reflection (around neck)
 F - an uncursed ring of see invisible
 K - an uncursed ring of flight
 Q - the ring "Vuulud" (right hand) {Ice +Blink}
   (You bought it in a shop on level 13 of the Dungeon)

   [ring of ice]

   It enhances your ice magic.
   It makes you vulnerable to fire.
   It protects you from cold.
   It lets you blink.
Wands
 t - a wand of enslavement (5)
 v - a wand of iceblast (16)
 x - a wand of acid (21)
 B - a wand of paralysis (26)
 L - a wand of polymorph (15)
 M - a wand of random effects (36)
 T - a wand of disintegration (15)
 U - a wand of digging (27)
Scrolls
 e - 6 scrolls of enchant armour {!r}
 h - 11 scrolls of magic mapping {!r}
 i - 9 scrolls of remove curse {!r}
 k - 16 scrolls of identify {!r}
 n - 2 scrolls of amnesia {!r}
 D - a scroll of acquirement {!r}
 E - a scroll of summoning {!r}
 H - a scroll of fog {!r}
 J - 2 scrolls of fear {!r}
 N - 5 scrolls of teleportation {!r}
 O - a scroll of torment {!r}
 V - a scroll of vulnerability {!r}
Miscellaneous
 c - 3 boxes of beasts
 R - a lightning rod (4/4)
 X - a lamp of fire
 Y - a phial of floods


   Skills:
 - Level 14.0 Fighting
 - Level 16.0 Throwing
 + Level 8.2 Armour
 + Level 8.2 Dodging
 - Level 0.7 Stealth
 + Level 8.2 Shields
 - Level 8.0 Invocations
 - Level 8.0 Evocations


You had 16 spell levels left.
You didn't know any spells.
Your spell library contained the following spells:

 Spells                   Type           Power        Failure   Level  Hunger
 Confuse                  Hex            #.......     100%        3    N/A
 Controlled Blink         Tloc           N/A          100%        8    N/A
 Bolt of Draining         Conj/Necr      #.........   100%        5    N/A
 Dispel Undead            Necr           #.......     100%        5    N/A
 Sublimation of Blood     Necr           #.........   98%         2    N/A
 Corpse Rot               Necr           N/A          98%         2    N/A
 Agony                    Necr           #.......     100%        5    N/A
 Confusing Touch          Hex            #.....       93%         1    N/A
 Metabolic Englaciation   Hex/Ice        #.........   100%        5    N/A
 Dispersal                Tloc           #.........   100%        6    N/A
 Excruciating Wounds      Chrm/Necr      #.........   100%        5    N/A
 Portal Projectile        Hex/Tloc       #.....       100%        3    N/A
 Petrify                  Tmut/Erth      #.......     100%        4    N/A
 Disjunction              Tloc           #.........   100%        8    N/A
 Force Lance              Conj/Tloc      #.......     100%        4    N/A
 Gell's Gravitas          Tloc           #.........   100%        3    N/A
 Yara's Violent Unravell  Hex/Tmut       #.........   100%        5    N/A

Dungeon Overview and Level Annotations

Branches:
Dungeon (15/15)            Temple (1/1) D:4            Lair (6/6) D:10
  Swamp (0/4) Lair:3        Snake (3/4) Lair:4        Slime (0/5) Lair:5
    Orc (2/2) D:11            Elf (0/3) Orc:2        Vaults (0/5) D:13
 Depths (1/5) D:15

Altars:
Ashenzari
Cheibriados
Elyvilon
Fedhas
Hepliaklqana
Kikubaaqudgha
Nemelex Xobeh
Okawaru
Qazlal
Ru
Sif Muna
Trog
Uskayaw
Wu Jian
Xom
Yredelemnul
Zin
The Shining One
Beogh

Shops:
D:6 %   D:13 =   Orc:2 !}*:   Snake:1 =}=

Annotations:
Snake:3 1 transporter, Avvaivego's ghost, journeyman TrFi


Innate Abilities, Weirdness & Mutations

You do not eat or drink.
Your flesh is vulnerable to fire.
You are immune to poison.
Your flesh is cold resistant. (rC+)
You are immune to negative energy. (rN+++)
You are immune to unholy pain and torment.
You can survive without breathing.
You are in touch with the powers of death.


Message History

You block the anaconda's attack.
You block the shock serpent's attack. x2
Avvaivego's ghost casts a spell.
Avvaivego's ghost's wounds begin to heal before your eyes!
The shock serpent bites you. The shock serpent shocks you!
You block the anaconda's attack. The anaconda bites you!
The anaconda constricts you.
Unknown command.
You escape the anaconda's grasp.
You block the anaconda's attack. x2
The shock serpent shoots out a bolt of lightning at you!
The bolt of electricity hits the shock serpent.
The shock serpent completely resists.
The bolt of electricity misses you.
The naga sharpshooter unwields an uncursed short sword.
The naga sharpshooter wields an uncursed shortbow.
The naga sharpshooter gestures wildly while chanting.
The naga sharpshooter magically shoots an arrow.
The arrow hits you.
You see here 2 arrows.
The nagaraja spits poison at you.
The splash of poison reflects off an invisible shield around you!
The splash of poison hits the nagaraja.
The nagaraja is poisoned.
You block the anaconda's attack. The anaconda barely misses you.
Evoke which item? (* to show all) (? for menu, Esc to quit)
Aiming: Enslavement
Press: ? - help, Shift-Dir - straight line, f - shock serpent, p - shock serpent
Aim: a shock serpent (chance to defeat MR: 51%)
The shock serpent resists with significant effort.
The anaconda grabs you. You block the anaconda's attack.
The anaconda constricts you. You block the anaconda's attack.
The anaconda constricts you. The nagaraja hits you with a club.
The anaconda barely misses you.
Unknown command.
You escape the anaconda's grasp.
The nagaraja spits poison at you. The splash of poison hits you! You resist.
The salamander hits you but does no damage.
The anaconda grabs you. You block the anaconda's attack.
The anaconda constricts you.
Avvaivego's ghost screams, "To die, to sleep, no more."
You escape the anaconda's grasp.
You blink.
The naga sharpshooter casts a spell.
The naga sharpshooter magically shoots an arrow.
The arrow hits you.
You block the salamander mystic's attack.
Avvaivego's ghost hits you!
* * * LOW HITPOINT WARNING * * *
The nagaraja spits poison at you.
The splash of poison reflects off an invisible shield around you!
The splash of poison hits the nagaraja.
The naga sharpshooter mumbles some strange words.
The naga sharpshooter magically shoots an arrow.
You reflect the arrow off an invisible shield around you!
The nagaraja looks more healthy.
The salamander mystic casts a spell at you.
The bolt of magma hits you! You partially resist.
* * * LOW HITPOINT WARNING * * *
The naga sharpshooter shoots an arrow.
The arrow hits you!
* * * LOW HITPOINT WARNING * * *
You see here an arrow.
Okay, then.
Okay, then.
You blink.
The shock serpent shoots out a bolt of lightning at you!
The bolt of electricity hits you!
You die...

..# #.#.#.#####.#...#.###### ..#
#.#.#.......#.##...# # ..#
#.............##...# # ..#
#).#########..##...# # ..#
#)##.N§....##.###.## # ..##
#)#8N##.##.8#.# #.#
...#######.#?S##.##..#.###.######
...........#!SWS.....#..##.#.....
.#.#####..©#N[SS@....#©....#.####
.#.# #...#(...N....#.[.###.# .#.#
#...#(.##(##..#...# #.# ...#
##...#8.##.##.8#...# #.#
#######...)##......©##...###.####
......#.....#########..#.........
#####.#................###.......
......#.########.##.##.# #.......
#######.# #...##.##..#.# #.......


You could see a naga sharpshooter, a salamander, 2 anacondas, 2 shock serpents,
a black mamba and Avvaivego's ghost.

Vanquished Creatures
  Vashnia (Snake:2)
  Rupert (Lair:4)
  Frances (D:14)
  Gastronok (Lair:3)
  3 nagarajas (Snake:2)
  A frost giant (IceCv)
  Louise (Snake:3)
  An emperor scorpion (D:15)
  A stone giant (Orc:1)
  A dire elephant (D:15)
  A red draconian (Volcano)
  Harold (D:8)
  7 naga warriors
  3 vault guards (D:13)
  A merfolk avatar (Lair:6)
  6 centaur warriors
  8 hydras
  7 anacondas
  5 two-headed ogres
  6 naga sharpshooters
  12 death yaks
  Sonja (D:11)
  Nergalle (Lair:1)
  4 skeletal warriors (D:15)
  3 salamander mystics (Snake:2)
  A sea snake (Lair:6)
  An unseen horror (D:13)
  A death drake (Snake:3)
  A wolf spider zombie (D:14)
  6 ugly things (D:14)
  13 salamanders
  A deep elf mage (D:15)
  10 orc knights
  2 orc sorcerers
  2 harpies (Lair:6)
  2 mana vipers (Snake:2)
  A cyclops (D:12)
  7 manticores
  9 elephants
  28 black mambas
  2 centaur zombies (D:15)
  2 guardian serpents
  An ice statue (IceCv)
  13 naga magi
  2 gargoyles
  12 spiny frogs
  A rime drake (shapeshifter) (D:13)
  6 rime drakes
  3 komodo dragons
  3 yaktaurs
  A tengu conjurer (D:13)
  6 trolls
  A wind drake (Lair:6)
  2 hornets
  20 polar bears
  7 blink frogs
  22 slime creatures
  A dream sheep (Lair:6)
  8 hippogriffs
  A snapping turtle (Snake:2)
  2 meliai zombies
  Sigmund (D:5)
  A shadow (D:13)
  A spriggan (D:9)
  2 wraiths
  9 wyverns
  2 vampires (D:7)
  3 fire bats
  54 yaks
  2 hungry ghosts
  7 basilisks
  Menkaure (D:6)
  33 nagas
  21 water moccasins
  3 wargs
  A soldier ant (D:11)
  An acid dragon (D:15)
  2 hell hounds (Orc:2)
  3 porcupines
  4 ice beasts
  46 orc warriors
  5 necrophages (D:12)
  10 ogres
  A phantom (D:7)
  6 sky beasts
  3 black bears
  23 wolves
  13 centaurs
  17 crocodiles
  4 big kobolds
  A gnoll sergeant (D:9)
  A wyvern zombie (D:7)
  18 bullfrogs
  5 scorpions
  An electric eel (Lair:3)
  11 wights
  5 howler monkeys
  6 crimson imps
  A bullfrog zombie (D:6)
  3 jellies
  8 hounds
  4 bullfrog skeletons
  25 orc wizards
  5 centaur skeletons
  17 orc priests
  4 iguanas
  7 worker ants
  A hound skeleton (D:8)
  10 gnolls
  18 adders
  2 river rats
  5 shadow imps
  5 oozes
  An adder zombie (D:6)
  An adder skeleton (D:3)
  6 worms
  2 dart slugs
  4 leopard geckos
  110 orcs
  9 giant cockroaches
  15 goblins
  13 hobgoblins
  17 jackals
  23 kobolds
  6 quokkas
  3 ball pythons
  2 ball python skeletons
  13 bats
  4 frilled lizards
  A leopard gecko skeleton (D:7)
  14 rats
  4 bushes
  A fungus (Lair:6)
  8 plants
978 creatures vanquished.

Vanquished Creatures (collateral kills)
  A death drake (Snake:2)
  A komodo dragon (Lair:6)
  3 dream sheep (Lair:6)
  A crocodile (Lair:6)
6 creatures vanquished.

Vanquished Creatures (others)
  2 naga sharpshooters (Snake:2)
  2 shock serpents (Snake:2)
  A dream sheep (Lair:6)
  A swamp drake (D:10)
  5 bushes (Lair:6)
  9 fungi
  110 plants
130 creatures vanquished.

Grand Total: 1114 creatures vanquished

Notes
Turn   | Place    | Note
-------+----------+-------------------------------------------
     0 | D:1      | Amnesiac the Mummy Hunter began the quest for the Orb.
     0 | D:1      | Reached XP level 1. HP: 16/16 MP: 1/1
   263 | D:1      | Reached XP level 2. HP: 16/22 MP: 2/2
   831 | D:1      | Reached XP level 3. HP: 27/28 MP: 3/3
  1289 | D:2      | Reached skill level 4 in Throwing
  2227 | D:2      | Reached XP level 4. HP: 34/34 MP: 4/4
  3013 | D:3      | Reached XP level 5. HP: 32/41 MP: 5/5
  3303 | D:3      | Reached skill level 1 in Shields
  3952 | D:4      | Reached skill level 5 in Throwing
  4045 | D:4      | Reached XP level 6. HP: 38/48 MP: 6/6
  4054 | D:4      | Found a bloodstained altar of Trog.
  4432 | D:4      | Found a staircase to the Ecumenical Temple.
  4444 | Temple   | Entered the Ecumenical Temple
  4461 | Temple   | Became a worshipper of Warmaster Okawaru
  4666 | D:4      | Reached skill level 6 in Throwing
  4666 | D:4      | Reached XP level 7. HP: 20/55 MP: 7/7
  4850 | D:4      | Found a hazy altar of Hepliaklqana.
  4943 | D:5      | Entered Level 5 of the Dungeon
  4977 | D:5      | Found a deep blue altar of Sif Muna.
  5029 | D:5      | Found a snail-covered altar of Cheibriados.
  5029 | D:5      | Found a glowing golden altar of the Shining One.
  5095 | D:5      | Reached * piety under Okawaru
  5102 | D:5      | Noticed Sigmund
  5144 | D:5      | Killed Sigmund
  5144 | D:5      | Reached skill level 5 in Fighting
  5144 | D:5      | Reached skill level 1 in Armour
  5263 | D:5      | Found a glowing drain.
  5301 | Sewer    | Entered a sewer
  5445 | Sewer    | Found a white marble altar of Elyvilon.
  5509 | D:5      | Found a sacrificial altar of Ru.
  5521 | D:5      | Reached XP level 8. HP: 60/62 MP: 8/8
  5707 | D:5      | Reached skill level 7 in Throwing
  6001 | D:6      | Found an ornate altar of the Wu Jian Council.
  6108 | D:6      | Reached ** piety under Okawaru
  6251 | D:6      | Found a glowing golden altar of the Shining One.
  6678 | D:6      | Reached skill level 8 in Throwing
  6692 | D:6      | Found Pastoka's Food Boutique.
  6696 | D:6      | Noticed Menkaure
  6702 | D:6      | Killed Menkaure
  6931 | D:6      | Reached XP level 9. HP: 67/71 MP: 9/9
  7373 | D:7      | Reached *** piety under Okawaru
  7424 | D:7      | Reached skill level 9 in Throwing
  7425 | D:7      | Found a shimmering altar of Xom.
  7757 | D:7      | Found a transporter.
  7990 | D:7      | Found a transporter.
  7992 | D:7      | Found a basalt altar of Yredelemnul.
  8002 | D:7      | Found an ancient bone altar of Kikubaaqudgha.
  8071 | D:7      | Received a gift from Okawaru
  8843 | D:8      | Found a glowing silver altar of Zin.
  8843 | D:8      | Noticed an angel
  8907 | D:8      | Reached skill level 10 in Throwing
  8980 | D:8      | Noticed Harold
  9005 | D:8      | Killed Harold
  9005 | D:8      | Received a gift from Okawaru
  9005 | D:8      | Reached XP level 10. HP: 71/82 MP: 7/10
  9032 | D:8      | Reached **** piety under Okawaru
  9577 | D:9      | Found a stormy altar of Qazlal.
  9635 | D:9      | Found a shimmering altar of Xom.
  9738 | D:9      | Reached skill level 11 in Throwing
  9743 | D:9      | Received a gift from Okawaru
 10154 | D:9      | Found Lyptov's Antique Weapon Shoppe.
 10603 | D:10     | Entered Level 10 of the Dungeon
 10882 | D:7      | Got a bloodstained robe
 10914 | D:7      | Identified the cursed +0 robe of Patterns {Regen+ Str+6} (You took it off a vampire on level 7 of the Dungeon)
 12055 | D:10     | Reached XP level 11. HP: 32/90 MP: 9/11
 12251 | D:10     | Reached skill level 10 in Fighting
 12507 | D:10     | Found a staircase to the Lair.
 12657 | D:10     | Reached ***** piety under Okawaru
 12657 | D:10     | Reached skill level 12 in Throwing
 13380 | D:11     | Found a staircase to the Orcish Mines.
 13432 | D:11     | Received a gift from Okawaru
 13568 | D:11     | Noticed Sonja
 13573 | D:11     | Killed Sonja
 13956 | D:11     | Received a gift from Okawaru
 13976 | D:11     | Noticed a two-headed ogre
 14166 | D:11     | Killed a two-headed ogre
 14734 | D:12     | Received a gift from Okawaru
 14734 | D:12     | Reached skill level 13 in Throwing
 14746 | D:12     | Reached skill level 1 in Invocations
 14912 | D:12     | Received a gift from Okawaru
 15126 | D:12     | Noticed a two-headed ogre
 15142 | D:12     | Killed a two-headed ogre
 15142 | D:12     | Received a gift from Okawaru
 15142 | D:12     | Reached XP level 12. HP: 59/100 MP: 13/15
 15161 | D:12     | Found a frozen archway.
 15166 | IceCv    | Entered an ice cave
 15352 | IceCv    | Reached skill level 5 in Invocations
 15924 | IceCv    | Reached ****** piety under Okawaru
 15995 | IceCv    | Received a gift from Okawaru
 16688 | IceCv    | Reached skill level 1 in Evocations
 17037 | IceCv    | Noticed a death yak
 17079 | IceCv    | Killed a death yak
 17329 | IceCv    | Noticed a frost giant
 17329 | IceCv    | Noticed a death yak
 17351 | IceCv    | Killed a death yak
 17360 | IceCv    | Killed a frost giant
 17360 | IceCv    | Reached skill level 5 in Evocations
 17554 | IceCv    | Got a warped war axe
 17939 | D:12     | Found a blossoming altar of Fedhas.
 18164 | D:12     | Gained mutation: You are in touch with the powers of death. [Mummy growth]
 18164 | D:12     | Reached XP level 13. HP: 106/106 MP: 19/19
 18165 | D:12     | Identified the +1 war axe of Bolyijy {venom, Dex+5} (You found it in an ice cave)
 18484 | D:13     | Received a gift from Okawaru
 18595 | D:13     | Received a gift from Okawaru
 18601 | D:13     | Got an ancient longbow {god gift}
 18607 | D:13     | Identified the +1 longbow "Xojury" {speed, rElec MP+9 Str+3} (Okawaru gifted it to you on level 13 of the Dungeon)
 18728 | D:13     | Found Feduuhah's Jewellery Emporium.
 19237 | D:13     | Found a gate to the Vaults.
 19242 | D:13     | Received a gift from Okawaru
 19582 | D:13     | Received a gift from Okawaru
 19724 | D:14     | Noticed Frances
 19734 | D:14     | Killed Frances
 19734 | D:14     | Received a gift from Okawaru
 19942 | D:14     | Reached skill level 14 in Throwing
 20147 | D:14     | Received a gift from Okawaru
 20658 | D:15     | Entered Level 15 of the Dungeon
 20808 | D:14     | Reached XP level 14. HP: 69/115 MP: 20/20
 20909 | D:15     | Received a gift from Okawaru
 20910 | D:15     | Got a bloodstained great sword {god gift}
 20916 | D:15     | Identified the +8 great sword of Tewiji {protect, MR+ Int+4 Stlth+} (Okawaru gifted it to you on level 15 of the Dungeon)
 21812 | D:15     | Found a staircase to the Depths.
 21826 | D:15     | Noticed an emperor scorpion
 21839 | D:15     | Killed an emperor scorpion
 21977 | D:15     | Received a gift from Okawaru
 22081 | Depths:1 | Entered Level 1 of the Depths
 22330 | Orc:1    | Entered Level 1 of the Orcish Mines
 22425 | Orc:1    | Reached skill level 15 in Throwing
 23366 | Orc:2    | Entered Level 2 of the Orcish Mines
 23366 | Orc:2    | Found a staircase to the Elven Halls.
 23397 | Orc:1    | Received a gift from Okawaru
 23401 | Orc:1    | Got a blackened war axe {god gift}
 23408 | Orc:1    | Identified the +4 war axe of Gyagics {chaos, +Rage rC+ MR+ Stlth+} (Okawaru gifted it to you on level 1 of the Orcish Mines)
 23775 | Orc:2    | Found a dark tunnel.
 23795 | Volcano  | Entered a volcano
 23934 | Volcano  | Found a radiant altar of Vehumet.
 25991 | Orc:1    | Noticed a stone giant
 26507 | Orc:1    | Killed a stone giant
 26793 | Orc:2    | Found Eluetoll's Gadget Boutique.
 26793 | Orc:2    | Found Vofinugy's Distillery.
 26799 | Orc:2    | Received a gift from Okawaru
 26830 | Orc:2    | Found a roughly hewn altar of Beogh.
 26888 | Orc:2    | Found Nipof's Book Boutique.
 26888 | Orc:2    | Found Acioc's Assorted Antiques.
 26913 | Orc:2    | Bought a scroll labeled OSMUZEBLOCI for 35 gold pieces
 26914 | Orc:2    | Bought a scroll of enchant weapon for 262 gold pieces
 26914 | Orc:2    | Bought a long wooden wand for 140 gold pieces
 26914 | Orc:2    | Bought a blackened lead wand for 140 gold pieces
 26914 | Orc:2    | Bought a scroll of magic mapping for 122 gold pieces
 27110 | Lair:1   | Entered Level 1 of the Lair of Beasts
 27144 | Lair:1   | Noticed Nergalle
 27149 | Lair:1   | Killed Nergalle
 27485 | Lair:1   | Reached XP level 15. HP: 14/124 MP: 21/21
 27834 | Lair:1   | Received a gift from Okawaru
 27835 | Lair:1   | Got a faintly glowing halberd {god gift}
 28810 | Lair:2   | Reached skill level 16 in Throwing
 30113 | D:13     | Bought a +6 amulet of reflection for 877 gold pieces
 30113 | D:13     | Bought the ring "Vuulud" {Ice +Blink} for 585 gold pieces
 31423 | Lair:2   | Received a gift from Okawaru
 31546 | Lair:3   | Noticed Gastronok
 31575 | Lair:3   | Killed Gastronok
 31827 | Lair:3   | Found a staircase to the Swamp.
 32355 | Lair:4   | Noticed Rupert
 32370 | Lair:4   | Killed Rupert
 32552 | Lair:4   | Found a staircase to the Snake Pit.
 32605 | Lair:4   | You fall through a shaft!
 32666 | Lair:5   | Found a staircase to the Slime Pits.
 33250 | Lair:4   | Found an iron altar of Okawaru.
 34685 | Lair:6   | Entered Level 6 of the Lair of Beasts
 34746 | Lair:6   | HP: 6/126 [spiny frog (10)]
 36142 | Lair:6   | Reached skill level 5 in Dodging
 36387 | Lair:6   | Reached skill level 5 in Armour
 36480 | Lair:6   | Reached skill level 5 in Shields
 36672 | Lair:6   | Received a gift from Okawaru
 36854 | Lair:6   | Got a fine hat
 36996 | Lair:6   | Reached XP level 16. HP: 92/133 MP: 22/22
 37979 | Orc:2    | Bought a phial of floods for 560 gold pieces
 38206 | Snake:1  | Entered Level 1 of the Snake Pit
 38353 | Snake:1  | Received a gift from Okawaru
 39057 | Snake:1  | Received a gift from Okawaru
 39636 | Snake:1  | Identified the +1 hat of Moral Flaws {+Inv} (You found it on level 6 of the Lair of Beasts)
 39791 | Snake:1  | Found Uqyab's Jewellery Boutique.
 39791 | Snake:1  | Found Volaw's Gadget Emporium.
 39792 | Snake:1  | Found Mics's Jewellery Boutique.
 40773 | Snake:2  | Identified a scroll of acquirement {!r}
 40860 | Snake:2  | Received a gift from Okawaru
 41217 | Snake:2  | Noticed Vashnia
 41256 | Snake:2  | Received a gift from Okawaru
 41257 | Snake:2  | Got a brightly glowing buckler {god gift}
 41263 | Snake:2  | Killed Vashnia
 42688 | Snake:3  | Noticed Louise
 43114 | Snake:3  | Killed Louise
 43201 | Snake:3  | Found a transporter.
 43201 | Snake:3  | Noticed Avvaivego's ghost (journeyman TrFi)
 43203 | Snake:3  | Found a transporter.
 43256 | Snake:3  | Reached XP level 17. HP: 138/139 MP: 23/23
 44083 | Snake:3  | Killed from afar by a shock serpent

Vault maps used:
D:1:      shiori_arrival_elements, minivault_14, minmay_hedge_maze
D:2:      small_statue_intersection
D:4:      marbit_many_paths, overflow_temple_1_default, temple_fountains,
          corexii_corridor_pit
D:5:      nicolae_ru_great_annihilating_truth, grunt_temple_overflow_open,
          portal_sewer_entry_b, first_ration, uniq_sigmund
D:6:      lemuel_crystal_altar, basic_altar, serial_shops, shop, uniq_menkaure
D:7:      gammafunk_temple_of_torment, minmay_ruined_shrine
D:8:      zin_angel, uniq_harold
D:9:      lemuel_crystal_altar, overflow_temple_1_default, serial_shops,
          nicolae_shop_overgrown_old_shop, grunt_pizzeria
D:10:     erik_lair_dragon
D:11:     orc_david_3, uniq_sonja
D:12:     portal_ice_cave_entry_pillars_1, fedhas_altar_decomposition
D:13:     grunt_vaults_entry_fortified, serial_shops, shop
D:14:     hex_tiny, uniq_frances
D:15:     hangedman_depths_entry_try_elsewhere_first, skrybe_limestone_x
Temple:   eino_wide_crystal_templ
Lair:1:   minmay_holes, uniq_nergalle
Lair:3:   swamp_mist_pool, uniq_gastronok
Lair:4:   minmay_snake_entry_six_corridors, basic_altar, uniq_rupert
Lair:5:   nicolae_slime_entry_slimehenge
Lair:6:   gammafunk_lair_ancient_temple, serial_forest,
          infiniplex_forest_clump_medium, infiniplex_forest_clump_long,
          infiniplex_forest_lined_2, infiniplex_forest_clump_double,
          infiniplex_forest_clump_large, infiniplex_forest_straight_3,
          infiniplex_forest_fountain, infiniplex_forest_clump_large
Snake:1:  nicolae_coiled_stairwell_down, grunt_megastairs_2, minmay_shop_grove
Snake:2:  uniq_vashnia
Snake:3:  gammafunk_ghost_arena, uniq_louise
Orc:2:    st_orc_town, enter_volcano_3
Depths:1: enter_ziggurat_a, hell_entry, serial_shops, statue_bzr,
          lemuel_freeze_loot_1, infiniplex_staircase_pool_lava,
          serial_bayou_shore_a
Sewer:    sewer_kobolds
IceCv:    ice_cave_caverns_01
Volcano:  kennysheep_volcano_temple

Skill      XL: |  1  2  3  4  5  6  7  8  9 10 11 12 13 14 15 16 |
---------------+-------------------------------------------------+-----
Throwing       | 4 5 6 8 10 11 13 14 15 16 | 16.0
Fighting       | 3 4 5 6 8 9 11 12 13 14 | 14.0
Shields        | 1 5 8 |  8.2
Armour         | 1 5 8 |  8.2
Invocations    | 4 8 |  8.0
Evocations     | 6 8 |  8.0
Dodging        | 5 8 |  8.2
Stealth        | |  0.7

Action                   |  1- 3 |  4- 6 |  7- 9 | 10-12 | 13-15 | 16-18 || total
-------------------------+-------+-------+-------+-------+-------+-------++-------
Melee: Short sword       |    25 |       |       |       |       |       ||    25
       Dagger            |    29 |       |       |       |       |       ||    29
       Hunting sling     |       |       |       |     1 |       |       ||     1
       War axe           |       |       |       |       |    16 |       ||    16
       Long sword        |       |       |       |       |    78 |    77 ||   155
 Fire: Hunting sling     |    31 |   330 |   587 |   972 |   703 |       ||  2623
       Blowgun           |       |       |       |    16 |    22 |       ||    38
       Fustibalus        |       |       |       |       |   308 |       ||   308
Throw: Stone             |   124 |       |       |       |   840 |   243 ||  1207
       Javelin           |     9 |     5 |    31 |   313 |   291 |   173 ||   822
       Tomahawk          |       |       |    49 |    65 |   640 |   521 ||  1275
       Throwing net      |       |       |     2 |       |     3 |       ||     5
Invok: Heroism           |       |       |     3 |    17 |    22 |     3 ||    45
       Finesse           |       |       |       |     1 |    18 |     3 ||    22
 Abil: Evoke Blink       |       |       |       |       |     3 |    13 ||    16
Evoke: Wand              |       |       |       |     2 |     1 |    13 ||    16
  Use: Scroll            |       |       |    10 |     5 |    18 |     3 ||    36
 Stab: Sleeping          |     1 |       |       |       |       |       ||     1
       Paralysed         |       |       |       |       |     2 |       ||     2
Armor: Leather armour    |    38 |       |       |       |       |       ||    38
       Chain mail        |       |   111 |   225 |    52 |       |       ||   388
       Troll leather arm |       |       |       |   213 |   112 |       ||   325
       Scale mail        |       |       |       |    10 |       |       ||    10
       Robe              |       |       |       |     1 |       |       ||     1
       Fire dragon scale |       |       |       |       |   343 |   121 ||   464
Dodge: Dodged            |    61 |    36 |    89 |   249 |   428 |   120 ||   983
Block: Shield            |       |    65 |   170 |   302 |   697 |   380 ||  1614
       Reflection        |       |       |       |       |     3 |    43 ||    46
       Rpst.: Long sword |       |       |       |       |    68 |    25 ||    93
       Great sword       |       |       |       |       |     2 |       ||     2

Table legend:
 A = Spawn XP
 B = Non-spawn XP
 C = Spawn XP percentage of total XP
 D = Spawn monster count
 E = Non-spawn monster count
 F = Spawn count percentage of total count
 G = Total turns spent on level
                    A         B        C        D         E        F      G
               +---------+---------+-------+---------+---------+-------+---------
         Total |       0 |  222410 |   0.0 |       0 |     974 |   0.0 | 44083
               +---------+---------+-------+---------+---------+-------+---------
           D:1 |       0 |      53 |   0.0 |       0 |      30 |   0.0 |  1267
           D:2 |       0 |      84 |   0.0 |       0 |      24 |   0.0 |  1489
           D:3 |       0 |     119 |   0.0 |       0 |      33 |   0.0 |   845
           D:4 |       0 |     630 |   0.0 |       0 |      25 |   0.0 |  1317
           D:5 |       0 |     729 |   0.0 |       0 |      29 |   0.0 |   935
           D:6 |       0 |    1071 |   0.0 |       0 |      19 |   0.0 |  1052
           D:7 |       0 |    2557 |   0.0 |       0 |      31 |   0.0 |  2150
           D:8 |       0 |    2260 |   0.0 |       0 |      22 |   0.0 |   885
           D:9 |       0 |    2205 |   0.0 |       0 |      33 |   0.0 |  1106
          D:10 |       0 |    2781 |   0.0 |       0 |      24 |   0.0 |  2099
          D:11 |       0 |    6229 |   0.0 |       0 |      50 |   0.0 |  2123
          D:12 |       0 |    5653 |   0.0 |       0 |      25 |   0.0 |  1367
          D:13 |       0 |   15666 |   0.0 |       0 |      51 |   0.0 |  1437
          D:14 |       0 |   10745 |   0.0 |       0 |      30 |   0.0 |  1273
          D:15 |       0 |   15501 |   0.0 |       0 |      36 |   0.0 |  1299
        Lair:1 |       0 |    7155 |   0.0 |       0 |      26 |   0.0 |  1682
        Lair:2 |       0 |    6119 |   0.0 |       0 |      17 |   0.0 |  2323
        Lair:3 |       0 |   12230 |   0.0 |       0 |      24 |   0.0 |  1087
        Lair:4 |       0 |    6884 |   0.0 |       0 |      25 |   0.0 |  1503
        Lair:5 |       0 |    5417 |   0.0 |       0 |      22 |   0.0 |  1668
        Lair:6 |       0 |   20454 |   0.0 |       0 |      60 |   0.0 |  2319
       Snake:1 |       0 |   16345 |   0.0 |       0 |      35 |   0.0 |  1900
       Snake:2 |       0 |   36718 |   0.0 |       0 |      59 |   0.0 |  2979
       Snake:3 |       0 |   11418 |   0.0 |       0 |      22 |   0.0 |   998
         Orc:1 |       0 |    3026 |   0.0 |       0 |      39 |   0.0 |   915
         Orc:2 |       0 |   12326 |   0.0 |       0 |     106 |   0.0 |  3123
      Depths:1 |       0 |     196 |   0.0 |       0 |       1 |   0.0 |     4
         Sewer |       0 |     128 |   0.0 |       0 |      10 |   0.0 |   182
         IceCv |       0 |   14684 |   0.0 |       0 |      58 |   0.0 |  2400
       Volcano |       0 |    3027 |   0.0 |       0 |       8 |   0.0 |   331
               +---------+---------+-------+---------+---------+-------+---------
